cohdb
Replays
Latest Replays
All Replays
Popular Replays
Top Player Replays
Match Explorer
How It Works
Community
CoH3 Stats
Reddit
Sign in to upload your games and track your stats! →
Sign in with Steam
Match 47173085
Unlisted
Match 47173085
Overview
Messages
Build Orders
End
Selects Italian Combined Arms Battlegroup
Selects Bersaglieri Squad
Bersaglieri Squad
Kradschützen Motorcycle Team
Panzerpioneer Squad
Construct Light Support Kompanie
Assault Grenadier Squad
2.5-tonne Medical Truck
Panzerjäger Squad
Assault Mechanized Group
Fire Support Elements
Veteran Squad Leaders
Rei
odung
0
0
Comments
sign in to comment!
No comments posted yet!